 Dungeon Crawl Stone Soup version 0.25-a0-410-g53dbb631d1 (webtiles) character file.

Game seed: 10788152121580219771, levelgen mode: deterministic

382558 Napalmbreeze the Warrior (level 22, -17/179 HPs)
             Began as a Gnoll Wanderer on Jan 12, 2020.
             Was the Champion of Okawaru.
             Shot with an arrow by a deep elf master archer (23 damage)
             ... on level 3 of the Elven Halls on Jan 13, 2020.
             The game lasted 02:47:46 (73418 turns).

Napalmbreeze the Warrior (Gnoll Wanderer)          Turns: 73418, Time: 02:47:47

Health: -17/179    AC: 22    Str: 25    XL:     22   Next: 92%
Magic:  0/40       EV: 21    Int: 30    God:    Okawaru [******]
Gold:   3732       SH:  0    Dex: 19    Spells: 21/50 levels left

rFire    + . .     SeeInvis +   b - +5 battleaxe of the Hand {chop, rC+ MR+ Int+3}
rCold    + + +     Gourm    .   (shield currently unavailable)
rNeg     . . .     Faith    .   Z - +0 swamp dragon scales
rPois    +         Spirit   +   J - +1 hat of Wotsynk {Int+2 Slay+4}
rElec    .         Reflect  .   n - scarf {rC+ rF+}
rCorr    .         Harm     .   O - +2 pair of gloves of Sailaem {*Contam MR- Str+8 Dex+8}
MR       +....                  d - +3 pair of boots of the Barber Surgeon {Stlth+}
Stlth    ++++++....             H - amulet of guardian spirit
HPRegen  0.39/turn              c - ring of Temydi {rC+ AC+3 Int+4 Dex-5}
MPRegen  0.27/turn              w - ring of see invisible

@: heavily drained
A: distributed training, fangs 1, strong nose
}: 2/15 runes: decaying, serpentine
a: Heroism, Finesse, Renounce Religion


You were on level 3 of the Elven Halls.
You worshipped Okawaru.
Okawaru was exalted by your worship.
You were very hungry.

You visited 8 branches of the dungeon, and saw 39 of its levels.
You also visited: Desolation.

You collected 7371 gold pieces.
You spent 3639 gold pieces at shops.

Inventory:

Hand Weapons
 a - the +11 arbalest of Reason {velocity, rElec MR++ Dex+3 Stlth-}
   (Okawaru gifted it to you on level 6 of the Lair of Beasts)

   Any bolt fired from it inflicts extra damage.
   It affects your dexterity (+3).
   It insulates you from electricity.
   It affects your resistance to hostile enchantments.
   It makes you less stealthy.
 b - the +5 battleaxe of the Hand (weapon) {chop, rC+ MR+ Int+3}
   (You found it on level 7 of the Dungeon)

   It inflicts extra damage upon your enemies.
   It affects your intelligence (+3).
   It protects you from cold.
   It affects your resistance to hostile enchantments.
 K - the +7 lajatang of Order {silver, rMut}
   (You acquired it on level 2 of the Elven Halls)

   It protects you from mutation.
 S - the +8 halberd "Xefroyxtage" {flame, rPois rF++}
   (Okawaru gifted it to you on level 2 of the Orcish Mines)

   It has been specially enchanted to burn those struck by it, causing extra
   injury to most foes and up to half again as much damage against particularly
   susceptible opponents.
   Big, fiery blades are also staple armaments of hydra-hunters.
   It greatly protects you from fire.
   It protects you from poison.
Missiles
 X - 940 bolts
Armour
 d - the +3 pair of boots of the Barber Surgeon (worn) {Stlth+}
   (You found it on level 12 of the Dungeon)

   It makes you more stealthy.
 n - a scarf of resistance (worn)
 J - the +1 hat of Wotsynk (worn) {Int+2 Slay+4}
   (You found it on level 14 of the Dungeon)

   It affects your intelligence (+2).
   It affects your accuracy and damage with ranged weapons and melee attacks
   (+4).
 O - the +2 pair of gloves of Sailaem (worn) {*Contam MR- Str+8 Dex+8}
   (Okawaru gifted it to you on level 2 of the Snake Pit)

   It affects your strength (+8).
   It affects your dexterity (+8).
   It affects your resistance to hostile enchantments.
   It causes magical contamination when unequipped.
 Z - +0 swamp dragon scales (worn)
Jewellery
 c - the ring of Temydi (left hand) {rC+ AC+3 Int+4 Dex-5}
   (You found it on level 6 of the Lair of Beasts)

   [ring of protection]

   It affects your AC (+3).
   It affects your intelligence (+4).
   It affects your dexterity (-5).
   It protects you from cold.
 w - a ring of see invisible (right hand)
 D - an uncursed amulet of harm {unknown}
 H - an amulet of guardian spirit (around neck)
 I - the ring "Musag" {rC- rN+++ rCorr Str+10 Stlth-}
   (You found it in the Desolation of Salt)

   [ring of resist corrosion]

   It affects your strength (+10).
   It makes you vulnerable to cold.
   It renders you almost immune to negative energy.
   It provides partial protection from all sources of acid and corrosion.
   It makes you less stealthy.
 M - an uncursed ring of positive energy
 N - a +5 ring of protection
 V - an uncursed ring of protection from magic
 Y - an uncursed ring of flight
Wands
 t - a wand of scattershot (5)
 x - a wand of clouds (9)
 z - a wand of iceblast (15)
 A - a wand of disintegration (25)
 C - a wand of acid (24)
Scrolls
 e - 15 scrolls of teleportation
 h - 7 scrolls of identify
 i - a scroll of fear
 j - a scroll of summoning
 k - 2 scrolls of fog
 m - 9 scrolls of amnesia
 p - 17 scrolls of remove curse
 q - a scroll of blinking
 u - a scroll of silence
 y - a scroll of holy word
 B - 7 scrolls of magic mapping
Potions
 g - 2 potions of invisibility
 l - 2 potions of cancellation
 o - 8 potions of brilliance
 r - 10 potions of resistance
 s - 2 potions of heal wounds
 v - 2 potions of might
 E - 9 potions of flight
 G - a potion of mutation
 L - 2 potions of berserk rage
 Q - 5 potions of agility
 R - 2 potions of haste
 U - 5 potions of curing
Miscellaneous
 P - a lamp of fire
Comestibles
 f - 50 rations


   Skills:
 + Level 16.3(13.3) Fighting
 + Level 15.7(12.7) Short Blades
 + Level 14.6(11.7) Long Blades
 + Level 14.6(11.7) Axes
 + Level 14.6(11.7) Maces & Flails
 + Level 14.6(11.7) Polearms
 + Level 14.6(11.7) Staves
 + Level 14.6(11.7) Slings
 + Level 14.6(11.7) Bows
 + Level 14.6(11.7) Crossbows
 + Level 14.8(11.8) Throwing
 + Level 14.6(11.7) Armour
 + Level 14.8(11.8) Dodging
 + Level 14.6(11.7) Stealth
 + Level 14.6(11.7) Shields
 + Level 14.6(11.7) Unarmed Combat
 + Level 14.6(11.7) Spellcasting
 + Level 12.6(9.8) Conjurations
 + Level 12.6(9.8) Hexes
 + Level 12.6(9.8) Charms
 + Level 12.6(9.8) Summonings
 + Level 12.6(9.8) Necromancy
 + Level 12.6(9.8) Translocations
 + Level 12.6(9.8) Transmutations
 + Level 12.6(9.8) Fire Magic
 + Level 12.6(9.8) Ice Magic
 + Level 12.6(9.8) Air Magic
 + Level 12.6(9.8) Earth Magic
 + Level 12.6(9.8) Poison Magic
 + Level 15.7(12.7) Invocations
 + Level 14.8(11.8) Evocations


You had 21 spell levels left.
You knew the following spells:

 Your Spells              Type           Power        Failure   Level  Hunger
a - Summon Lightning Spi  Summ/Air       ######..     1%          4    None
e - Fireball              Conj/Fire      ######....   1%          5    ##.....
f - Cause Fear            Hex            ######....   1%          4    None
q - Summon Ice Beast      Ice/Summ       ######..     1%          4    None
s - Shadow Creatures      Summ           N/A          11%         6    ####...
w - Freezing Cloud        Conj/Ice/Air   ######....   11%         6    ####...

Your spell library contained the following spells:

 Spells                   Type           Power        Failure   Level  Hunger
 Animate Skeleton         Necr           N/A          1%          1    None
 Apportation              Tloc           ######       1%          1    None
 Corona                   Hex            ######.      1%          1    None
 Foxfire                  Conj/Fire      ####         1%          1    None
 Magic Dart               Conj           ####         1%          1    None
 Sandblast                Erth           ######       1%          1    None
 Sting                    Tmut/Pois      ####         1%          1    None
 Summon Butterflies       Summ           ######..     1%          1    None
 Summon Small Mammal      Summ           ####         1%          1    None
 Blink                    Tloc           N/A          1%          2    None
 Call Imp                 Summ           ######..     1%          2    None
 Ensorcelled Hibernation  Hex/Ice        ######       1%          2    None
 Passwall                 Tmut/Erth      ######..     1%          2    None
 Poisonous Vapours        Pois/Air       ######       1%          2    None
 Searing Ray              Conj           ######       1%          2    None
 Slow                     Hex            ######..     1%          2    None
 Sublimation of Blood     Necr           ######....   1%          2    None
 Call Canine Familiar     Summ           ######..     1%          3    None
 Confusing Touch          Hex            ######..     1%          3    None
 Conjure Flame            Conj/Fire      ######..     1%          3    None
 Dazzling Flash           Conj/Hex       ######       1%          3    None
 Gell's Gravitas          Tloc           ######....   1%          3    None
 Ignite Poison            Fire/Tmut/Pois ######..     1%          3    None
 Inner Flame              Hex/Fire       ######..     1%          3    None
 Lesser Beckoning         Tloc           ######....   1%          3    None
 Mephitic Cloud           Conj/Pois/Air  ######..     1%          3    None
 Stone Arrow              Conj/Erth      ######       1%          3    None
 Summon Guardian Golem    Hex/Summ       ######..     1%          3    None
 Tukima's Dance           Hex            ######..     1%          3    None
 Fulminant Prism          Conj/Hex       ######....   1%          4    None
 Iskenderun's Mystic Bla  Conj/Tloc      ######..     1%          4    None
 Leda's Liquefaction      Hex/Erth       ######....   1%          4    None
 Olgreb's Toxic Radiance  Pois           ######..     1%          4    None
 Petrify                  Tmut/Erth      ######..     1%          4    None
 Sticky Flame             Conj/Fire      ######..     1%          4    None
 Alistair's Intoxication  Tmut/Pois      ######..     1%          5    ##.....
 Bolt of Magma            Conj/Fire/Erth ######....   1%          5    ##.....
 Irradiate                Conj/Tmut      ######....   1%          5    ##.....
 Lee's Rapid Deconstruct  Erth           ######....   1%          5    ##.....
 Metabolic Englaciation   Hex/Ice        ######....   1%          5    ##.....
 Silence                  Hex/Air        ######....   1%          5    ##.....
 Summon Mana Viper        Hex/Summ       ######..     1%          5    ##.....
 Yara's Violent Unravell  Hex/Tmut       ######....   1%          5    ##.....
 Deflect Missiles         Chrm/Air       ######....   11%         6    ####...
 Eringya's Noxious Bog    Tmut/Pois      ######....   11%         6    ####...
 Hydra Form               Tmut           ######....   11%         6    ####...
 Invisibility             Hex            ######..     11%         6    ####...
 Iron Shot                Conj/Erth      ######....   11%         6    ####...
 Statue Form              Tmut/Erth      ######...    11%         6    ####...
 Dragon Form              Tmut           ######....   52%         7    ######.
 Ring of Flames           Chrm/Fire      ######....   52%         7    ######.
 Controlled Blink         Tloc           N/A          99%         8    #######
 Discord                  Hex            ######....   99%         8    #######
 Shatter                  Erth           ######....   100%        9    #######


Dungeon Overview and Level Annotations

Branches:
Dungeon (15/15)            Temple (1/1) D:7            Lair (6/6) D:8
  Swamp (4/4) Lair:3        Snake (4/4) Lair:2        Slime (0/5) Lair:6
    Orc (2/2) D:9             Elf (3/3) Orc:2        Vaults (4/5) D:13
  Crypt (0/3) Vaults:2     Depths (0/5) D:15        Desolation (visited)

Altars:
Ashenzari
Cheibriados
Dithmenos
Elyvilon
Fedhas
Gozag
Hepliaklqana
Kikubaaqudgha
Makhleb
Nemelex Xobeh
Okawaru
Qazlal
Ru
Sif Muna
Trog
Uskayaw
Vehumet
Wu Jian
Xom
Yredelemnul
Zin
The Shining One
Beogh
Jiyva

Shops:
D:6 ?[%:   D:13 [   Orc:1 (   Orc:2 %[((   Elf:1 *   Snake:3 (}   Vaults:1 [
Vaults:2 }

Annotations:
Elf:1 3 runed translucent doors, waddelsworth's ghost, journeyman MiBe


Innate Abilities, Weirdness & Mutations

Your experience applies equally to all skills.
You have very sharp teeth.
Your uncanny sense of smell can sniff out nearby items.


Message History

The deep elf master archer is too close now for your liking.
Okay, then.
Unknown command.
You closely miss the deep elf master archer.
The deep elf master archer is heavily wounded.
The deep elf master archer shoots an arrow.
The arrow hits you!
* * * LOW HITPOINT WARNING * * *
The deep elf master archer shoots an arrow.
The arrow closely misses you.
Unknown command.
You don't have enough magic at the moment.
You slash the deep elf master archer!
The deep elf master archer is severely wounded.
The deep elf master archer shoots an arrow.
The arrow hits you!!
* * * LOW HITPOINT WARNING * * *
The deep elf master archer shoots an arrow.
The arrow hits you!!
You die...

,,,****,,,,,,,,,****,,,* #...'.
*,,,,**,*,.e.*****,,,,** #...#.
**,,,,,####(####.,,,,** #...#.
**,,,,..........,,,** #...#.
***,,,.((.x...,,*** #...#.
***,,(....,,*** #.).#.
###########(################...#.
....#......)(e.#.(...#........##'
....'.......(..#@....'.......##..
....#.....§§§§§e(....#......##...
'####'########+##'#########'#..(.
.........)..())[............'....
...........(....)...(.....).'....
##############################...
≈≈≈≈≈≈≈≈≈≈≈≈≈≈≈≈≈≈≈≈≈≈≈≈≈≈≈≈≈##..
≈≈≈≈≈≈≈≈≈≈≈≈≈≈≈≈≈≈≈≈≈≈≈≈≈≈≈≈≈≈###
..........................[.≈≈≈≈≈


You could see a deep elf master archer.

Vanquished Creatures
  Jory (Vaults:2)
  Jorgrun (D:14)
  A deep elf master archer (Elf:3)
  Asterion (Vaults:1)
  A thorn hunter (Swamp:4)
  A tengu reaver (Vaults:4)
  Kirke (D:12)
  Roxanne (Snake:2)
  10 nagarajas (Snake:4)
  A frost giant (Vaults:4)
  A deep elf sorcerer (Elf:3)
  4 orc warlords (Orc:2)
  4 imperial myrmidons (Desolation)
  7 vault wardens
  Aizul (Snake:2)
  4 stone giants (Vaults:4)
  The ghost of dvd2 the Severer, a journeyman DDFi of Makhleb (Orc:2)
  A deep elf elementalist (Elf:3)
  9 ironheart preservers
  6 very ugly things
  An entropy weaver (Vaults:4)
  5 deep elf demonologists
  2 deep elf annihilators
  2 halazid warlocks (Desolation)
  3 deep elf death magi (Elf:3)
  2 ettins (Vaults:4)
  A crystal guardian (Desolation)
  2 deep elf high priests (Elf:3)
  4 fire dragons
  5 ragged hierophants (Desolation)
  8 servants of whispers (Desolation)
  A great orb of eyes (Vaults:3)
  10 yaktaur captains
  15 vault guards
  19 hydras
  3 ice dragons
  3 shambling mangroves
  Harold (D:7)
  A rakshasa (Vaults:1)
  7 centaur warriors
  3 ghost crabs
  8 peacekeepers
  4 naga warriors
  8 anacondas
  37 two-headed ogres
  11 ogre magi
  4 death knights
  Erica (Lair:2)
  2 deep troll shamans
  23 dancing weapons
  A catoblepas (Lair:4)
  A deep troll earth mage (Vaults:1)
  A tengu warrior (D:11)
  18 alligators
  7 death yaks
  16 naga sharpshooters
  Urug (Orc:2)
  A storm dragon zombie (Vaults:1)
  7 shock serpents
  An orc high priest (Orc:2)
  18 deep elf knights
  2 shadow wraiths
  2 hell knights (D:13)
  7 skeletal warriors
  A fire crab (shapeshifter) (Elf:3)
  An unseen horror (D:14)
  A deep troll (shapeshifter) (Vaults:4)
  A spriggan druid (Swamp:4)
  A harpy (shapeshifter) (Vaults:3)
  7 deep trolls
  10 naga ritualists
  10 swamp dragons
  2 flayed ghosts
  22 ironbrand convokers
  11 orc knights
  3 wizards
  22 deep elf archers
  A lindwurm (Lair:6)
  A phantasmal warrior (Vaults:4)
  3 necromancers
  6 orc sorcerers
  2 wolf spider zombies
  65 deep elf magi
  10 harpies
  38 ugly things
  3 salamanders
  11 mana vipers
  4 manticores
  A cyclops (shapeshifter) (Vaults:1)
  4 wolf spiders
  2 cyclopes
  2 elephants (Lair:4)
  37 black mambas
  9 naga magi
  10 guardian serpents
  13 vault sentinels
  12 spiny frogs
  A gargoyle (D:10)
  3 molten gargoyles
  4 kobold demonologists
  24 yaktaurs
  6 centaur skeletons
  Maggie (Lair:1)
  An efreet (D:15)
  8 freezing wraiths
  6 komodo dragons
  A jumping spider (Vaults:4)
  Grinder (D:6)
  3 tengu conjurers
  6 trolls
  12 tyrant leeches
  A wind drake (shapeshifter) (Vaults:1)
  A polar bear (D:7)
  A hornet (shapeshifter) (Vaults:4)
  59 saltlings
  6 bog bodies
  21 slime creatures
  10 hornets
  7 hippogriffs
  8 blink frogs
  3 dream sheep (Lair:6)
  A centaur simulacrum (D:15)
  A water elemental (Elf:1)
  A spriggan (Swamp:2)
  An air elemental (Elf:1)
  A tarantella (Orc:1)
  8 wyverns
  An ettin skeleton (Vaults:1)
  10 wraiths
  3 shadows
  3 redbacks (Vaults:4)
  A human (shapeshifter) (Vaults:1)
  6 fire elementals
  A yak (shapeshifter) (Vaults:2)
  27 yaks
  3 basilisks
  A hungry ghost (D:9)
  2 steam dragons
  40 vampire mosquitoes
  A basilisk (shapeshifter) (Vaults:3)
  9 wargs
  44 nagas
  Menkaure (D:5)
  18 swamp worms
  10 insubstantial wisps
  Duvessa (D:7)
  A floating eye (shapeshifter) (Elf:2)
  14 water moccasins
  14 swamp drakes
  14 hell hounds
  8 porcupines
  37 orc warriors
  4 black bears
  9 ice beasts
  5 sky beasts
  2 eyes of draining (D:15)
  4 necrophages (D:9)
  10 boggarts (Vaults:1)
  5 wolves (Lair:1)
  38 ogres
  18 centaurs
  3 big kobolds
  4 crocodiles
  19 bullfrogs
  3 earth elementals
  2 human skeletons (Vaults:1)
  Dowan (D:6)
  6 scorpions
  An orc simulacrum (Vaults:1)
  11 killer bees
  5 wights
  3 howler monkeys
  6 electric eels
  12 crimson imps
  3 lava snakes (Lair:6)
  3 jellies
  A quasit (D:13)
  5 bullfrog zombies
  A centaur zombie (D:8)
  7 hounds
  26 orc priests
  Ijyb (D:5)
  5 iguanas
  28 orc wizards
  9 worker ants
  A killer bee zombie (D:10)
  2 hound skeletons
  Robin (D:4)
  4 gnolls
  2 river rats (Lair:2)
  17 adders
  2 shadow imps (D:12)
  5 white imps
  An ufetubus (D:8)
  3 oozes
  An adder zombie (D:6)
  4 worms
  5 dart slugs
  An adder simulacrum (D:8)
  7 leopard geckos
  124 orcs
  4 bats
  8 giant cockroaches
  14 goblins
  13 hobgoblins
  6 jackals
  5 quokkas
  A ball python (D:1)
  5 frilled lizards
  A goblin zombie (D:8)
  A jackal zombie (D:9)
  17 kobolds
  2 quokka zombies (D:5)
  13 rats
  A rat zombie (D:8)
  2 bushes (D:9)
  2 crawling corpses (Elf:3)
  2 fungi
  5 plants
1681 creatures vanquished.

Vanquished Creatures (collateral kills)
  A deep elf blademaster (Elf:3)
  Azrael (D:15)
  A deep elf annihilator (Elf:3)
  Josephine (Lair:6)
  A deep elf death mage (Elf:3)
  7 hydras
  A centaur warrior (D:13)
  A two-headed ogre (D:15)
  A death knight (D:12)
  A dancing weapon (Elf:1)
  An ogre mage (D:15)
  6 death yaks
  An orc high priest (Orc:1)
  A naga sharpshooter (Snake:1)
  3 deep elf knights
  3 hell knights (D:13)
  3 skeletal warriors (D:12)
  3 deep elf archers (Elf:2)
  A necromancer (D:13)
  6 deep elf magi
  A mana viper (Snake:4)
  3 ugly things
  3 oklob plants (Lair:4)
  2 elephants (Lair:4)
  2 molten gargoyles (Lair:6)
  8 black mambas
  2 spiny frogs
  2 rime drakes
  2 komodo dragons (Lair:6)
  A kobold demonologist (D:11)
  A polar bear (Lair:5)
  3 dream sheep (Lair:6)
  3 blink frogs
  A hippogriff (Lair:6)
  2 redbacks (Orc:1)
  2 wraiths (Lair:6)
  8 yaks
  A fire elemental (D:15)
  2 basilisks
  A steam dragon (Lair:2)
  8 vampire mosquitoes
  2 nagas (Snake:4)
  A hell hound (Lair:6)
  A soldier ant (D:11)
  3 water moccasins
  A porcupine (Lair:2)
  2 orc warriors (Orc:1)
  2 ogres
  A centaur (D:13)
  2 wolves (Lair:1)
  4 crocodiles
  6 bullfrogs
  A big kobold (D:11)
  2 wights (D:14)
  2 lava snakes (Lair:6)
  2 orc wizards
  5 adders
  16 orcs
  A kobold (D:11)
  2 ball pythons (Lair:2)
158 creatures vanquished.

Vanquished Creatures (others)
  A two-headed ogre (D:15)
  An ogre mage (Vaults:4)
  3 humans (D:12)
  A naga (Snake:4)
  An orc wizard (D:12)
  A worker ant (D:12)
  An adder (D:12)
  An adder skeleton (D:5)
  3 orcs
  9 fungi
  5 plants
27 creatures vanquished.

Grand Total: 1866 creatures vanquished

Notes
Turn   | Place    | Note
-------+----------+-------------------------------------------
     0 | D:1      | Napalmbreeze the Gnoll Wanderer began the quest for the
                  | Orb.
     0 | D:1      | Napalmbreeze set off with the following items: a +2 short
                  | sword, a potion of curing, a potion of lignification, a +0
                  | robe, a ration
     0 | D:1      | Reached XP level 1. HP: 26/26 MP: 2/2
    94 | D:1      | Reached XP level 2. HP: 32/33 MP: 3/3
   443 | D:1      | Reached XP level 3. HP: 35/38 MP: 4/4
   763 | D:2      | Reached skill level 1 in Invocations
   833 | D:2      | Reached skill level 1 in Long Blades
   833 | D:2      | Reached skill level 1 in Axes
   833 | D:2      | Reached skill level 1 in Maces & Flails
   833 | D:2      | Reached skill level 1 in Polearms
   833 | D:2      | Reached skill level 1 in Staves
   833 | D:2      | Reached skill level 1 in Slings
   833 | D:2      | Reached skill level 1 in Bows
   833 | D:2      | Reached skill level 1 in Crossbows
   833 | D:2      | Reached skill level 1 in Armour
   833 | D:2      | Reached skill level 1 in Stealth
   833 | D:2      | Reached skill level 1 in Shields
   833 | D:2      | Reached skill level 1 in Unarmed Combat
   833 | D:2      | Reached skill level 1 in Spellcasting
   935 | D:2      | Reached XP level 4. HP: 21/45 MP: 6/6
  1252 | D:2      | Reached skill level 1 in Conjurations
  1252 | D:2      | Reached skill level 1 in Hexes
  1252 | D:2      | Reached skill level 1 in Charms
  1252 | D:2      | Reached skill level 1 in Summonings
  1252 | D:2      | Reached skill level 1 in Necromancy
  1252 | D:2      | Reached skill level 1 in Translocations
  1252 | D:2      | Reached skill level 1 in Transmutations
  1252 | D:2      | Reached skill level 1 in Fire Magic
  1252 | D:2      | Reached skill level 1 in Ice Magic
  1252 | D:2      | Reached skill level 1 in Air Magic
  1252 | D:2      | Reached skill level 1 in Earth Magic
  1252 | D:2      | Reached skill level 1 in Poison Magic
  1477 | D:2      | Reached XP level 5. HP: 51/51 MP: 7/7
  1800 | D:2      | Found a white marble altar of Elyvilon.
  2276 | D:2      | Found a snail-covered altar of Cheibriados.
  2276 | D:2      | Found a sacrificial altar of Ru.
  2277 | D:2      | Found a shadowy altar of Dithmenos.
  2350 | D:3      | Found an ancient bone altar of Kikubaaqudgha.
  2538 | D:3      | Found an ornate altar of the Wu Jian Council.
  3387 | D:4      | Noticed an ogre
  3827 | D:3      | Reached XP level 6. HP: 19/57 MP: 8/8
  4299 | D:4      | Reached XP level 7. HP: 59/63 MP: 10/10
  4399 | D:4      | Found a shadowy altar of Dithmenos.
  4404 | D:4      | Noticed Robin
  4449 | D:4      | Killed Robin
  5365 | D:5      | Entered Level 5 of the Dungeon
  5470 | D:5      | Reached skill level 9 in Fighting
  5728 | D:5      | Found a basalt altar of Yredelemnul.
  5749 | D:5      | Found a glowing golden altar of the Shining One.
  5756 | D:5      | Reached XP level 8. HP: 52/71 MP: 12/12
  5873 | D:5      | Noticed Menkaure
  6460 | D:5      | Killed Menkaure
  6902 | D:5      | Noticed Ijyb
  6953 | D:5      | Killed Ijyb
  7228 | D:5      | Noticed an angel
  7236 | D:5      | Noticed a profane servitor
  7290 | D:6      | Found Deriywn's Magic Scroll Shop.
  7312 | D:6      | Bought a scroll of noise for 11 gold pieces
  7312 | D:6      | Bought a scroll of remove curse for 33 gold pieces
  7312 | D:6      | Bought a scroll of teleportation for 33 gold pieces
  7312 | D:6      | Bought a scroll of identify for 22 gold pieces
  7312 | D:6      | Bought a scroll of teleportation for 33 gold pieces
  7329 | D:6      | Found Rurghiss's Armour Shoppe.
  7724 | D:6      | Found Koanty's Food Shoppe.
  7724 | D:6      | Noticed a wyvern
  7812 | D:6      | Reached XP level 9. HP: 51/76 MP: 14/14
  7976 | D:6      | Found Deahic's Book Shoppe.
  7994 | D:6      | Noticed Grinder
  8031 | D:6      | Paralysed by Grinder for 6 turns
  8041 | D:6      | Killed Grinder
  8937 | D:6      | Bought a scroll of blinking for 82 gold pieces
  9062 | D:7      | Noticed Harold
  9136 | D:7      | Found a hide-covered altar of Uskayaw.
  9261 | D:7      | Noticed Dowan
  9261 | D:7      | Noticed Duvessa
  9271 | D:7      | Reached skill level 5 in Throwing
  9271 | D:7      | Reached skill level 5 in Dodging
  9271 | D:7      | Reached skill level 5 in Evocations
  9299 | D:7      | Killed Duvessa
  9587 | D:6      | Killed Dowan
  9881 | D:7      | Found a staircase to the Ecumenical Temple.
  9901 | Temple   | Entered the Ecumenical Temple
 10152 | Temple   | Became a worshipper of Warmaster Okawaru
 10629 | D:7      | Got a shimmering battleaxe
 10630 | D:7      | Identified the +5 battleaxe of the Hand {chop, rC+ MR+
                  | Int+3} (You found it on level 7 of the Dungeon)
 11124 | D:7      | Reached skill level 5 in Invocations
 11336 | D:6      | HP: 2/78 [hippogriff (2)]
 11360 | D:7      | Reached XP level 10. HP: 27/84 MP: 17/17
 11641 | D:7      | HP: 1/85 [centaur (8)]
 12168 | D:7      | Reached * piety under Okawaru
 12398 | D:8      | Noticed a death yak
 12574 | D:8      | Reached skill level 5 in Long Blades
 12574 | D:8      | Reached skill level 5 in Axes
 12574 | D:8      | Reached skill level 5 in Maces & Flails
 12574 | D:8      | Reached skill level 5 in Polearms
 12574 | D:8      | Reached skill level 5 in Staves
 12574 | D:8      | Reached skill level 5 in Slings
 12574 | D:8      | Reached skill level 5 in Bows
 12574 | D:8      | Reached skill level 5 in Crossbows
 12574 | D:8      | Reached skill level 5 in Armour
 12574 | D:8      | Reached skill level 5 in Stealth
 12574 | D:8      | Reached skill level 5 in Shields
 12574 | D:8      | Reached skill level 5 in Unarmed Combat
 12574 | D:8      | Reached skill level 5 in Spellcasting
 12940 | D:7      | Killed Harold
 12940 | D:7      | Reached ** piety under Okawaru
 12940 | D:7      | Reached skill level 10 in Fighting
 13792 | D:8      | Noticed a two-headed ogre
 14091 | D:8      | Noticed a two-headed ogre
 14106 | D:8      | Killed a two-headed ogre
 14131 | D:8      | Reached *** piety under Okawaru
 14329 | D:8      | Found a hide-covered altar of Uskayaw.
 14376 | D:8      | Found a staircase to the Lair.
 14540 | D:8      | Found a shimmering blue altar of Sif Muna.
 14622 | D:8      | Reached XP level 11. HP: 56/91 MP: 19/19
 14955 | D:8      | Killed a death yak
 15136 | D:8      | Killed a two-headed ogre
 15672 | D:9      | Reached skill level 5 in Conjurations
 15672 | D:9      | Reached skill level 5 in Hexes
 15672 | D:9      | Reached skill level 5 in Charms
 15672 | D:9      | Reached skill level 5 in Summonings
 15672 | D:9      | Reached skill level 5 in Necromancy
 15672 | D:9      | Reached skill level 5 in Translocations
 15672 | D:9      | Reached skill level 5 in Transmutations
 15672 | D:9      | Reached skill level 5 in Fire Magic
 15672 | D:9      | Reached skill level 5 in Ice Magic
 15672 | D:9      | Reached skill level 5 in Air Magic
 15672 | D:9      | Reached skill level 5 in Earth Magic
 15672 | D:9      | Reached skill level 5 in Poison Magic
 15903 | D:9      | Received a gift from Okawaru
 16115 | D:9      | Found a blossoming altar of Fedhas.
 16575 | D:9      | Found a staircase to the Orcish Mines.
 17437 | D:9      | Reached **** piety under Okawaru
 17698 | D:10     | Entered Level 10 of the Dungeon
 17758 | D:10     | Received a gift from Okawaru
 17768 | D:10     | Found an iron altar of Okawaru.
 17980 | D:10     | Learned a level 4 spell: Summon Ice Beast
 18491 | Lair:1   | Entered Level 1 of the Lair of Beasts
 18661 | Lair:1   | Noticed Maggie
 18672 | Lair:1   | Killed Maggie
 19151 | Lair:1   | Reached XP level 12. HP: 98/98 MP: 22/22
 19265 | Lair:1   | Learned a level 4 spell: Summon Lightning Spire
 19275 | Lair:1   | Noticed a five-headed hydra
 19354 | Lair:1   | Killed a seven-headed hydra
 19354 | Lair:1   | Reached ***** piety under Okawaru
 19354 | Lair:1   | Received a gift from Okawaru
 19864 | Lair:2   | Found a staircase to the Snake Pit.
 20078 | Lair:2   | Noticed Erica
 20090 | Lair:2   | Killed Erica
 20090 | Lair:2   | Received a gift from Okawaru
 20777 | Lair:2   | Noticed a death yak
 20777 | Lair:2   | Noticed a death yak
 20792 | Lair:2   | Learned a level 4 spell: Cause Fear
 20867 | Lair:2   | Noticed a four-headed hydra
 20875 | Lair:2   | Killed a five-headed hydra
 20875 | Lair:2   | Reached skill level 11 in Fighting
 20947 | Lair:2   | Noticed a four-headed hydra
 20954 | Lair:2   | Killed a five-headed hydra
 21674 | Lair:2   | Noticed a death yak
 21675 | Lair:2   | Noticed a death yak
 21675 | Lair:2   | Noticed a death yak
 21675 | Lair:2   | Noticed a death yak
 21696 | Lair:2   | Killed a death yak
 21698 | Lair:2   | Killed a death yak
 21915 | Lair:2   | Killed a death yak
 21953 | Lair:2   | Killed a death yak
 22266 | Lair:2   | Killed a death yak
 22272 | Lair:2   | Killed a death yak
 22272 | Lair:2   | Reached skill level 10 in Short Blades
 22542 | Lair:3   | Found a staircase to the Swamp.
 22562 | Lair:3   | Received a gift from Okawaru
 22794 | Lair:3   | Received a gift from Okawaru
 22797 | Lair:3   | Got a smoking dagger {god gift}
 22822 | Lair:3   | Identified the +5 dagger "Ytwoet" {venom, rF+ Int+3}
                  | (Okawaru gifted it to you on level 3 of the Lair of Beasts)
 23024 | Lair:3   | Reached XP level 13. HP: 106/106 MP: 24/24
 23740 | Lair:3   | Learned a level 5 spell: Fireball
 24863 | Lair:4   | Received a gift from Okawaru
 24888 | Lair:4   | Received a gift from Okawaru
 26525 | Lair:5   | Received a gift from Okawaru
 27201 | Lair:6   | Entered Level 6 of the Lair of Beasts
 27201 | Lair:6   | Found a staircase to the Slime Pits.
 27201 | Lair:6   | Found a viscous altar of Jiyva.
 27208 | Lair:6   | Received a gift from Okawaru
 27760 | Lair:6   | Received a gift from Okawaru
 27775 | Lair:6   | Received a gift from Okawaru
 28092 | Lair:6   | Received a gift from Okawaru
 28209 | Lair:6   | Noticed Josephine
 28403 | Lair:6   | Killed Josephine
 28403 | Lair:6   | Reached XP level 14. HP: 93/114 MP: 1/26
 30080 | Lair:6   | Reached skill level 12 in Fighting
 30230 | Lair:6   | Received a gift from Okawaru
 30272 | Lair:6   | Found a large runed translucent door.
 30301 | Lair:6   | Reached ****** piety under Okawaru
 30409 | Lair:6   | Found a large runed translucent door.
 30538 | Lair:6   | Received a gift from Okawaru
 30548 | Lair:6   | Got a scintillating bronze ring
 30550 | Lair:6   | Identified the ring of Temydi {rC+ AC+3 Int+4 Dex-5} (You
                  | found it on level 6 of the Lair of Beasts)
 30689 | Lair:6   | Got a transparent arbalest {god gift}
 30692 | Lair:6   | Identified the +11 arbalest of Reason {velocity, rElec MR++
                  | Dex+3 Stlth-} (Okawaru gifted it to you on level 6 of the
                  | Lair of Beasts)
 31580 | D:11     | Identified the Almanac of Creative Displacement
 31727 | D:12     | Got a pair of faintly glowing boots
 31741 | D:12     | Identified the +3 pair of boots of the Barber Surgeon
                  | {Stlth+} (You found it on level 12 of the Dungeon)
 31746 | D:12     | Noticed Kirke
 31755 | D:12     | Killed Kirke
 32279 | D:12     | Received a gift from Okawaru
 32301 | D:12     | Got a smoking longbow {god gift}
 32304 | D:12     | Identified the +2 longbow "Gigirer" {velocity, rElec MR+
                  | SInv} (Okawaru gifted it to you on level 12 of the Dungeon)
 32586 | D:12     | Found a stormy altar of Qazlal.
 32701 | D:13     | Identified a scroll of acquirement
 32702 | D:13     | Identified the ring of Cantot {rPois rF++ rC- Int-4 Stlth+}
                  | (You acquired it on level 13 of the Dungeon)
 32718 | D:13     | Reached skill level 10 in Invocations
 33038 | D:13     | Found a gate to the Vaults.
 33142 | D:13     | Received a gift from Okawaru
 33472 | D:13     | Found Nuley's Armour Shoppe.
 33482 | D:13     | Bought a +2 hat for 272 gold pieces
 33984 | D:13     | Found a sparkling altar of Nemelex Xobeh.
 34133 | D:13     | Reached XP level 15. HP: 110/122 MP: 22/28
 34969 | D:14     | Reached skill level 10 in Throwing
 34969 | D:14     | Reached skill level 10 in Dodging
 34969 | D:14     | Reached skill level 10 in Evocations
 34972 | D:14     | Received a gift from Okawaru
 35094 | D:14     | Got an encrusted great sword
 35095 | D:14     | Identified the +6 great sword of Duppus {speed, rN+} (You
                  | found it on level 14 of the Dungeon)
 35521 | D:14     | Got a scorched hat
 35532 | D:14     | Identified the +1 hat of Wotsynk {Int+2 Slay+4} (You found
                  | it on level 14 of the Dungeon)
 35818 | D:14     | Noticed Jorgrun
 35868 | D:14     | Killed Jorgrun
 36082 | D:15     | Entered Level 15 of the Dungeon
 36143 | D:15     | Reached skill level 10 in Long Blades
 36143 | D:15     | Reached skill level 10 in Axes
 36143 | D:15     | Reached skill level 10 in Maces & Flails
 36143 | D:15     | Reached skill level 10 in Polearms
 36143 | D:15     | Reached skill level 10 in Staves
 36143 | D:15     | Reached skill level 10 in Slings
 36143 | D:15     | Reached skill level 10 in Bows
 36143 | D:15     | Reached skill level 10 in Crossbows
 36143 | D:15     | Reached skill level 10 in Armour
 36143 | D:15     | Reached skill level 10 in Stealth
 36143 | D:15     | Reached skill level 10 in Shields
 36143 | D:15     | Reached skill level 10 in Unarmed Combat
 36143 | D:15     | Reached skill level 10 in Spellcasting
 36730 | D:15     | Received a gift from Okawaru
 36834 | D:15     | Found a staircase to the Depths.
 36895 | D:15     | Noticed Azrael
 36918 | D:15     | Killed Azrael
 36918 | D:15     | Received a gift from Okawaru
 37692 | Orc:1    | Entered Level 1 of the Orcish Mines
 37704 | Orc:1    | Found Jenev's Antique Weapon Shop.
 37816 | Orc:1    | Received a gift from Okawaru
 38308 | Orc:2    | Entered Level 2 of the Orcish Mines
 38308 | Orc:2    | Found a roughly hewn altar of Beogh.
 38341 | Orc:2    | Found a staircase to the Elven Halls.
 38390 | Orc:2    | Found a roughly hewn altar of Beogh.
 38405 | Orc:2    | Found Elinas's Antique Weapon Shop.
 38697 | Orc:2    | Found a runed translucent gate.
 38700 | Orc:2    | Found a runed translucent gate.
 38700 | Orc:2    | Found a runed translucent gate.
 38701 | Orc:2    | Found an opulent altar of Gozag.
 38722 | Orc:2    | Noticed dvd2's ghost (journeyman DDFi)
 38916 | Orc:2    | Found a roughly hewn altar of Beogh.
 38937 | Orc:2    | Received a gift from Okawaru
 38939 | Orc:2    | Found Xuguu's Food Shoppe.
 38980 | Orc:2    | Got a slimy halberd {god gift}
 38982 | Orc:2    | Identified the +8 halberd "Xefroyxtage" {flame, rPois rF++}
                  | (Okawaru gifted it to you on level 2 of the Orcish Mines)
 39103 | Orc:2    | Found a roughly hewn altar of Beogh.
 39368 | Orc:2    | Reached XP level 16. HP: 129/129 MP: 30/30
 39415 | Orc:2    | Reached skill level 13 in Fighting
 39711 | Orc:2    | Found a roughly hewn altar of Beogh.
 40020 | Orc:2    | Noticed Urug
 40025 | Orc:2    | Killed Urug
 40141 | Orc:2    | Received a gift from Okawaru
 40564 | Orc:2    | Found Ekhia's Antique Armour Boutique.
 40566 | Orc:2    | Found a roughly hewn altar of Beogh.
 40574 | Orc:2    | Found Reisebio's Antique Weapon Shop.
 40723 | D:6      | Bought a book of Clouds for 630 gold pieces
 40730 | D:6      | Learned a level 6 spell: Freezing Cloud
 41499 | Orc:2    | Killed dvd2's ghost
 41727 | Snake:1  | Entered Level 1 of the Snake Pit
 41879 | Snake:1  | You fall into a shaft and drop 1 floor!
 42606 | Snake:2  | Noticed Roxanne
 42627 | Snake:2  | Killed Roxanne
 43800 | Snake:1  | Received a gift from Okawaru
 45389 | Snake:2  | Noticed Aizul
 45425 | Snake:2  | Killed Aizul
 45794 | Snake:2  | Received a gift from Okawaru
 45999 | Snake:3  | Reached XP level 17. HP: 108/137 MP: 24/32
 46887 | Snake:3  | Found Raac's Gadget Shoppe.
 46887 | Snake:3  | Found Vaegeoc's Antique Weapon Emporium.
 46901 | Snake:3  | Bought a wand of acid (14) for 468 gold pieces
 46901 | Snake:3  | Bought a wand of clouds (4) for 312 gold pieces
 47112 | Snake:4  | Entered Level 4 of the Snake Pit
 48074 | Snake:4  | Found a stormy altar of Qazlal.
 49061 | Snake:4  | Found a stormy altar of Qazlal.
 50203 | Snake:4  | Received a gift from Okawaru
 50772 | Snake:4  | Received a gift from Okawaru
 50792 | Snake:4  | Got a crude executioner's axe {god gift}
 50799 | Snake:4  | Identified the +4 executioner's axe "Nemmeti" {drain, rElec
                  | rN+} (Okawaru gifted it to you on level 4 of the Snake Pit)
 51384 | Snake:4  | Reached skill level 10 in Conjurations
 51384 | Snake:4  | Reached skill level 10 in Hexes
 51384 | Snake:4  | Reached skill level 10 in Charms
 51384 | Snake:4  | Reached skill level 10 in Summonings
 51384 | Snake:4  | Reached skill level 10 in Necromancy
 51384 | Snake:4  | Reached skill level 10 in Translocations
 51384 | Snake:4  | Reached skill level 10 in Transmutations
 51384 | Snake:4  | Reached skill level 10 in Fire Magic
 51384 | Snake:4  | Reached skill level 10 in Ice Magic
 51384 | Snake:4  | Reached skill level 10 in Air Magic
 51384 | Snake:4  | Reached skill level 10 in Earth Magic
 51384 | Snake:4  | Reached skill level 10 in Poison Magic
 51995 | Snake:4  | Received a gift from Okawaru
 51995 | Snake:4  | Reached XP level 18. HP: 99/145 MP: 22/33
 52002 | Snake:4  | Reached skill level 14 in Fighting
 52323 | Snake:4  | Received a gift from Okawaru
 52421 | Snake:4  | Found a stormy altar of Qazlal.
 53206 | Snake:4  | Got a serpentine rune of Zot
 53581 | Snake:2  | Got a pair of pitted gloves {god gift}
 53592 | Snake:2  | Identified the +2 pair of gloves of Sailaem {*Contam MR-
                  | Str+8 Dex+8} (Okawaru gifted it to you on level 2 of the
                  | Snake Pit)
 53762 | Swamp:1  | Entered Level 1 of the Swamp
 56414 | Swamp:4  | Entered Level 4 of the Swamp
 56788 | Swamp:4  | Received a gift from Okawaru
 57043 | Swamp:4  | Received a gift from Okawaru
 57109 | Swamp:4  | Received a gift from Okawaru
 57229 | Swamp:4  | Reached XP level 19. HP: 115/153 MP: 17/35
 57957 | Swamp:4  | Got a decaying rune of Zot
 58276 | Vaults:1 | Entered Level 1 of the Vaults
 58378 | Vaults:1 | Found Bovumabb's Armour Boutique.
 58868 | Vaults:1 | Received a gift from Okawaru
 59235 | Vaults:1 | Received a gift from Okawaru
 59239 | Vaults:1 | Noticed Asterion
 59246 | Vaults:1 | Killed Asterion
 60137 | Vaults:1 | Received a gift from Okawaru
 60850 | Vaults:2 | Received a gift from Okawaru
 61723 | Vaults:2 | Received a gift from Okawaru
 61732 | Vaults:2 | Reached XP level 20. HP: 148/161 MP: 27/36
 61737 | Vaults:2 | Identified a +0 pair of boots of running (Okawaru gifted it
                  | to you on level 2 of the Vaults)
 61750 | Vaults:2 | Noticed Jory
 61764 | Vaults:2 | Killed Jory
 61764 | Vaults:2 | Reached skill level 15 in Fighting
 61997 | Vaults:2 | Found a staircase to the Crypt.
 62299 | Vaults:2 | Found Gibboiphu's Gadget Shop.
 62467 | Vaults:2 | Bought a wand of disintegration (10) for 210 gold pieces
 62467 | Vaults:2 | Bought a wand of acid (8) for 360 gold pieces
 62576 | Vaults:2 | Received a gift from Okawaru
 62675 | Vaults:2 | You fall into a shaft and drop 1 floor!
 62799 | Vaults:3 | Received a gift from Okawaru
 62833 | Vaults:3 | Received a gift from Okawaru
 62881 | Vaults:3 | Found a ruined gateway.
 62982 | Desolati | Entered the Desolation of Salt
 63413 | Desolati | Received a gift from Okawaru
 63417 | Desolati | Got a glittering bronze ring
 63462 | Desolati | Identified the ring of Spite {Ice Str+2} (You found it in
                  | the Desolation of Salt)
 63637 | Desolati | Identified a +0 pair of boots of running (You found it in
                  | the Desolation of Salt)
 63913 | Desolati | Received a gift from Okawaru
 64343 | Desolati | Reached XP level 21. HP: 163/169 MP: 38/38
 64862 | Desolati | Got a shimmering lapis lazuli ring
 64863 | Desolati | Identified the ring "Jehed" {rCorr MP+9} (You found it in
                  | the Desolation of Salt)
 64985 | Desolati | Identified the +7 mace of the Swamp {holy, Str+4 Int+4
                  | Dex+5}
 65010 | Desolati | Got a glittering turquoise ring
 65014 | Desolati | Identified the ring "Ficvuomp" {Str+4 Dex+3} (You found it
                  | in the Desolation of Salt)
 65016 | Desolati | Got a pair of shimmering boots
 65019 | Desolati | Got a vibrating steel ring
 65316 | Vaults:3 | Identified the cursed +0 pair of boots of Integrity {SInv}
                  | (You found it in the Desolation of Salt)
 65332 | Vaults:3 | Identified the ring "Musag" {rC- rN+++ rCorr Str+10 Stlth-}
                  | (You found it in the Desolation of Salt)
 65742 | Vaults:3 | Paralysed by a wizard for 5 turns
 66560 | Vaults:3 | Reached skill level 15 in Short Blades
 66568 | Vaults:3 | Received a gift from Okawaru
 66987 | Vaults:4 | Reached skill level 15 in Invocations
 67682 | Vaults:4 | Got a steaming arbalest
 67683 | Vaults:4 | Identified the +3 arbalest "Imuvur" {penet, +Inv rPois
                  | Stlth+} (You found it on level 4 of the Vaults)
 67939 | Vaults:4 | Received a gift from Okawaru
 68108 | Vaults:4 | Received a gift from Okawaru
 68598 | Vaults:4 | Reached XP level 22. HP: 158/177 MP: 36/40
 69661 | Elf:1    | Entered Level 1 of the Elven Halls
 69670 | Elf:1    | Reached skill level 16 in Fighting
 69867 | Elf:1    | Identified the +3 robe of Hyrhupad {Slay+2}
 69872 | Elf:1    | Identified the Compendium of Companions
 70009 | Elf:1    | Received a gift from Okawaru
 70250 | Elf:1    | Found a runed translucent gate.
 70250 | Elf:1    | Found a runed translucent gate.
 70252 | Elf:1    | Found a runed translucent gate.
 70252 | Elf:1    | Noticed waddelsworth's ghost (journeyman MiBe)
 70337 | Elf:1    | Found Limoderch's Assorted Antiques.
 70345 | Elf:1    | Bought a leatherbound book for 510 gold pieces
 70345 | Elf:1    | Bought a potion of agility for 136 gold pieces
 70345 | Elf:1    | Bought a potion of agility for 136 gold pieces
 70345 | Elf:1    | Bought a scroll of magic mapping for 119 gold pieces
 70345 | Elf:1    | Bought a potion of mutation for 272 gold pieces
 70352 | Elf:1    | Learned a level 6 spell: Shadow Creatures
 70752 | Elf:2    | Received a gift from Okawaru
 71350 | Elf:2    | Identified the -4 hat of the Okapi {-Tele +Inv Str+5
                  | Stlth+} (You acquired it on level 2 of the Elven Halls)
 71351 | Elf:2    | Found the +7 lajatang of Order {silver, rMut}
 71856 | Elf:2    | Found a runed translucent gate.
 71857 | Elf:2    | Found a runed translucent gate.
 71858 | Elf:2    | Found a runed translucent gate.
 72093 | Elf:2    | Received a gift from Okawaru
 72129 | Elf:2    | Received a gift from Okawaru
 72323 | Elf:3    | Entered Level 3 of the Elven Halls
 73418 | Elf:3    | HP: 6/179 [deep elf master archer/arrow (25)]
 73418 | Elf:3    | Shot with an arrow by a deep elf master archer

Levels and vault maps discovered:
D:1:      lemuel_arrival_behind_the_door_large, layout_rooms
D:2:      layout_basic, gammafunk_temple_overflow_claw, elyvilon_altar_5
D:3:      layout_basic, marbit_many_paths, old_standard_altar
D:4:      layout_loops_corners, first_ration, nicolae_dithmenos_shadow_blocks,
          uniq_robin
D:5:      layout_loops_ring, grunt_temple_overflow_holy_war,
          guppyfry_early_lair_pool, uniq_ijyb, uniq_menkaure
D:6:      layout_rooms, serial_shops, kennysheep_mini_moat, shop, shop, shop,
          serial_curves, eino_curves_03, eino_curves_04, uniq_grinder
D:7:      layout_basic, temple_fountains, basic_altar, grunt_ogre_cave,
          uniq_duvessa, uniq_harold
D:8:      layout_gridville, overflow_temple_1_default,
          grunt_lair_entry_orc_guard_hut, enter_ossuary_4, basic_altar,
          serial_ice, serial_ice_k, serial_ice_a, serial_ice_c, serial_ice_m,
          serial_ice_b, serial_ice_n, serial_ice_o
D:9:      layout_basic, hiddenorc2_lemuel, kennysheep_big_empty_room,
          fedhas_altar_decomposition
D:10:     layout_roguey, okawaru_ov_weapons_minmay
D:11:     layout_basic
D:12:     layout_loops_ring, nicolae_qazlal_eye_of_the_storm, uniq_kirke
D:13:     layout_loops_corners, erik_vaults_2, basic_altar, serial_shops, shop,
          minmay_rotating_lava
D:14:     layout_roguey, uniq_jorgrun
D:15:     hangedman_depths_entry_civil_slaughter, layout_long_grid,
          skrybe_limestone_x, uniq_azrael
Temple:   minmay_temple_curvy_branch
Lair:1:   layout_roguey, uniq_maggie
Lair:2:   layout_cave_shapes, minmay_snake_entry_six_corridors, pond,
          grunt_megastairs_1, uniq_erica
Lair:3:   layout_layer_cave, minmay_swamp_entry_swarm
Lair:4:   layout_regular_city, ldierk_geyser, minmay_stone_trees_medium,
          nicolae_lair_yak_garden, minmay_lair_oklob_chamber
Lair:5:   layout_gridlike, serial_bayou_shore_b
Lair:6:   cheibrodos_lair_end_hotspot, layout_cave_pods, slime_altar_1,
          uniq_josephine
Swamp:1:  layout_falls_marsh, nicolae_swamp_round_clearing, swamp_pool4
Swamp:2:  layout_basic_swamp, evilmike_swamp_ruin_house_3
Swamp:3:  layout_falls_marsh, serial_swamp_ruin, evilmike_swamp_ruin_house_6,
          evilmike_swamp_ruin_house_5, infiniplex_staircase_pool
Swamp:4:  swamp, layout_basic_swamp, swamp_pool3
Snake:1:  layout_concentric_octagons
Snake:2:  layout_layer_cave, uniq_roxanne, uniq_aizul
Snake:3:  layout_rooms, minmay_shoptagon, grunt_megastairs_3
Snake:4:  johnstein_snake_rune_scales, layout_chambers, basic_altar
Orc:1:    nicolae_orc_accident_3, layout_diamond_mine, serial_shops, shop
Orc:2:    grunt_orc_community_town_hall, layout_caves,
          grunt_orc_community_big_house_2, grunt_orc_community_big_house_2,
          grunt_orc_community_house_2, grunt_orc_community_house_3,
          grunt_orc_community_house_2, grunt_orc_community_house_3,
          ebering_ghost_gozag, basic_altar, elf_legates, uniq_urug
Elf:1:    minmay_elf_arrival_summoners, layout_gridlike, serial_shops,
          nicolae_shop_statue_plus, ebering_ghost_rock_garden,
          minmay_elf_demonology, drop_trap
Elf:2:    layout_onion_city
Elf:3:    minmay_elf_hall_circle, layout_geoelf_castle
Vaults:1: ontoclasm_vaults_decontamination, nicolae_vaults_three_branches,
          v_misc_9, ontoclasm_vaults_bender, v_misc_9, v_pattern_1,
          ontoclasm_vaults_eye, v_rooms_5, nicolae_vaults_angled_halls,
          nicolae_vaults_gold_heap, nicolae_vaults_display_case, v_misc_16,
          nicolae_vaults_little_squares_3, vaults_room_door_ring,
          vaults_dpeg_cross, vaults_dpeg_hooks, layout_vaults_big_cross,
          serial_shops, nicolae_shop_stone, uniq_asterion
Vaults:2: ontoclasm_vaults_ligature, grunt_vaults_trifunnel,
          vaults_room_corners, grunt_vaults_twisty, blue_anna_dwarven_crypt,
          nicolae_vaults_angled_halls, grunt_vaults_focal,
          dpeg_vaults_monster_box, v_misc_11, ontoclasm_vaults_gateway,
          grunt_vaults_hallway_short, vaults_room_fours,
          vaults_dpeg_encased_lava, layout_vaults_chaotic_city, serial_shops,
          nicolae_shop_waterfront, uniq_jory, uniq_bai_suzhen, uniq_frederick
Vaults:3: hangedman_vaults_nodes, ontoclasm_vaults_twist,
          grunt_vaults_hallway_short, nicolae_vaults_little_squares_2,
          nicolae_vaults_diagonal_hallway_8, hangedman_vaults_cutoff,
          nicolae_vaults_puzzle_piece, v_misc_23, v_misc_17, v_misc_2,
          nicolae_vaults_network_quinsquares
          [nicolae_vaults_network_quincunx_subvault,
          nicolae_vaults_network_quincunx_subvault,
          nicolae_vaults_network_quincunx_subvault,
          nicolae_vaults_network_quincunx_subvault], vaults_room_pool,
          v_misc_16, layout_vaults_maze_bifur, portal_desolation_entry_salt
Vaults:4: nicolae_vaults_c_with_doors, vaults_mumra_lcd,
          nicolae_vaults_little_squares_4, v_misc_31,
          nicolae_vaults_ring_of_whatevers, vaults_mumra_hex,
          nicolae_vaults_inception_scallops, nicolae_vaults_yaktaur_gun_rack,
          vaults_mumra_hexcomb, nicolae_vaults_angled_halls, v_misc_4,
          v_misc_18, vaults_room_octagon, v_misc_15, layout_vaults_omnibox

Skill      XL: |  1  2  3  4  5  6  7  8  9 10 11 12 13 14 15 16 17 18 19 20 21 22 |
---------------+-------------------------------------------------------------------+-----
Invocations    | 1 2 3 4 5 6 7 8 9 10 11 12 13 14 15 | 15.7
Long Blades    | 1 2 3 4 5 6 7 8 9 10 11 12 13 14 | 14.6
Axes           | 1 2 3 4 5 6 7 8 9 10 11 12 13 14 | 14.6
Maces & Flails | 1 2 3 4 5 6 7 8 9 10 11 12 13 14 | 14.6
Polearms       | 1 2 3 4 5 6 7 8 9 10 11 12 13 14 | 14.6
Staves         | 1 2 3 4 5 6 7 8 9 10 11 12 13 14 | 14.6
Slings         | 1 2 3 4 5 6 7 8 9 10 11 12 13 14 | 14.6
Bows           | 1 2 3 4 5 6 7 8 9 10 11 12 13 14 | 14.6
Crossbows      | 1 2 3 4 5 6 7 8 9 10 11 12 13 14 | 14.6
Armour         | 1 2 3 4 5 6 7 8 9 10 11 12 13 14 | 14.6
Stealth        | 1 2 3 4 5 6 7 8 9 10 11 12 13 14 | 14.6
Shields        | 1 2 3 4 5 6 7 8 9 10 11 12 13 14 | 14.6
Unarmed Combat | 1 2 3 4 5 6 7 8 9 10 11 12 13 14 | 14.6
Spellcasting   | 1 2 3 4 5 6 7 8 9 10 11 12 13 14 | 14.6
Conjurations   | 1 2 3 4 5 6 7 8 9 10 11 12 | 12.6
Hexes          | 1 2 3 4 5 6 7 8 9 10 11 12 | 12.6
Charms         | 1 2 3 4 5 6 7 8 9 10 11 12 | 12.6
Summonings     | 1 2 3 4 5 6 7 8 9 10 11 12 | 12.6
Necromancy     | 1 2 3 4 5 6 7 8 9 10 11 12 | 12.6
Translocations | 1 2 3 4 5 6 7 8 9 10 11 12 | 12.6
Transmutations | 1 2 3 4 5 6 7 8 9 10 11 12 | 12.6
Fire Magic     | 1 2 3 4 5 6 7 8 9 10 11 12 | 12.6
Ice Magic      | 1 2 3 4 5 6 7 8 9 10 11 12 | 12.6
Air Magic      | 1 2 3 4 5 6 7 8 9 10 11 12 | 12.6
Earth Magic    | 1 2 3 4 5 6 7 8 9 10 11 12 | 12.6
Poison Magic   | 1 2 3 4 5 6 7 8 9 10 11 12 | 12.6
Throwing       | 3 4 5 6 7 8 9 10 11 12 13 14 | 14.8
Dodging        | 3 4 5 6 7 8 9 10 11 12 13 14 | 14.8
Evocations     | 3 4 5 6 7 8 9 10 11 12 13 14 | 14.8
Short Blades   | 7 8 9 10 11 12 13 14 15 | 15.7
Fighting       | 9 10 11 12 13 14 15 16 | 16.3

Action                   |  1- 3 |  4- 6 |  7- 9 | 10-12 | 13-15 | 16-18 | 19-21 | 22-24 || total
-------------------------+-------+-------+-------+-------+-------+-------+-------+-------++-------
Melee: Short sword       |    96 |   158 |    88 |    35 |       |       |       |       ||   377
       Bite              |     9 |    22 |    71 |   111 |    98 |    46 |    17 |    10 ||   384
       Dagger            |       |    38 |   464 |   600 |    56 |       |       |       ||  1158
       Punch             |       |       |    16 |    19 |     6 |       |       |       ||    41
       Unarmed           |       |       |     3 |     8 |       |       |       |       ||    11
       Battleaxe         |       |       |       |   280 |   203 |    27 |     9 |    90 ||   609
       Lajatang          |       |       |       |       |   675 |   370 |   106 |       ||  1151
       Halberd           |       |       |       |       |       |     3 |     9 |     8 ||    20
 Fire: Shortbow          |       |       |       |    96 |       |       |       |       ||    96
       Arbalest          |       |       |       |       |   234 |   847 |  1004 |   275 ||  2360
Throw: Stone             |       |       |     5 |    16 |       |       |       |       ||    21
       Dart              |       |       |       |     1 |     4 |       |       |       ||     5
 Cast: Summon Ice Beast  |       |       |       |    41 |    90 |    14 |       |     1 ||   146
       Summon Lightning  |       |       |       |    24 |    66 |    13 |       |       ||   103
       Cause Fear        |       |       |       |     2 |     4 |     1 |     2 |       ||     9
       Fireball          |       |       |       |       |    20 |    17 |     2 |       ||    39
       Freezing Cloud    |       |       |       |       |       |    13 |    48 |     8 ||    69
       Shadow Creatures  |       |       |       |       |       |       |       |    15 ||    15
Invok: Heroism           |       |       |       |     4 |    13 |     7 |     5 |       ||    29
       Finesse           |       |       |       |       |     6 |     2 |     1 |       ||     9
Evoke: Wand              |       |       |       |    16 |     3 |     1 |     5 |     2 ||    27
       Lamp of fire      |       |       |       |       |       |       |     2 |       ||     2
  Use: Scroll            |       |       |    10 |     8 |     8 |     9 |    11 |     3 ||    49
       Potion            |       |       |    10 |     1 |     3 |     5 |     1 |       ||    20
 Stab: Sleeping          |     1 |     6 |     7 |    14 |    19 |     2 |       |     1 ||    50
       Distracted        |       |       |       |     8 |    15 |     6 |       |     6 ||    35
  Eat: Chunk             |       |     7 |    13 |    29 |    36 |    16 |    38 |    15 ||   154
       Ration            |       |     1 |     3 |     5 |     8 |    13 |     2 |     1 ||    33
Armor: Robe              |    17 |    13 |     3 |       |       |       |       |       ||    33
       Leather armour    |       |       |    72 |    56 |       |       |       |       ||   128
       Skin              |       |       |     4 |       |       |       |       |       ||     4
       Steam dragon scal |       |       |       |    89 |   240 |    31 |       |       ||   360
       Ring mail         |       |       |       |    43 |       |   260 |       |       ||   303
       Swamp dragon scal |       |       |       |       |       |    18 |   270 |    69 ||   357
Dodge: Dodged            |    46 |    94 |   237 |   586 |   663 |   666 |   719 |   153 ||  3164

Table legend:
 A = Non-vault XP
 B = Vault XP
 C = Vault XP percentage of total XP
 D = Non-vault monster count
 E = Vault monster count
 F = Vault count percentage of total count
                 A         B        C        D         E       F
            +---------+---------+-------+---------+---------+-------
      Total |  372190 |  326705 |  46.7 |    1134 |     697 |  38.1
            +---------+---------+-------+---------+---------+-------
        D:1 |      48 |       0 |   0.0 |      24 |       0 |   0.0
        D:2 |     162 |       0 |   0.0 |      28 |       0 |   0.0
        D:3 |      93 |      13 |  12.3 |      23 |       1 |   4.2
        D:4 |     631 |      38 |   5.7 |      16 |      13 |  44.8
        D:5 |     654 |     201 |  23.5 |      24 |       2 |   7.7
        D:6 |    1286 |     382 |  22.9 |      22 |       2 |   8.3
        D:7 |    1277 |    1869 |  59.4 |      19 |       8 |  29.6
        D:8 |    2662 |    1854 |  41.1 |      17 |      16 |  48.5
        D:9 |    3168 |     997 |  23.9 |      34 |      38 |  52.8
       D:10 |    1346 |       0 |   0.0 |      26 |       0 |   0.0
       D:11 |    3269 |       0 |   0.0 |      29 |       0 |   0.0
       D:12 |    3722 |    1846 |  33.2 |      19 |       1 |   5.0
       D:13 |    4645 |   11787 |  71.7 |      31 |      21 |  40.4
       D:14 |   16380 |    1532 |   8.6 |      47 |       1 |   2.1
       D:15 |    9257 |    6336 |  40.6 |      29 |      15 |  34.1
     Lair:1 |    2780 |     186 |   6.3 |      17 |       1 |   5.6
     Lair:2 |    6362 |    2822 |  30.7 |      25 |      26 |  51.0
     Lair:3 |    4132 |     369 |   8.2 |      21 |       4 |  16.0
     Lair:4 |    6643 |    2860 |  30.1 |      20 |       8 |  28.6
     Lair:5 |    3988 |       0 |   0.0 |      23 |       0 |   0.0
     Lair:6 |    6698 |    8855 |  56.9 |      32 |      37 |  53.6
    Swamp:1 |    9541 |       0 |   0.0 |      33 |       0 |   0.0
    Swamp:2 |   15536 |       0 |   0.0 |      34 |       0 |   0.0
    Swamp:3 |   11460 |       0 |   0.0 |      26 |       0 |   0.0
    Swamp:4 |   18233 |   19133 |  51.2 |      49 |      27 |  35.5
    Snake:1 |    9650 |       0 |   0.0 |      22 |       0 |   0.0
    Snake:2 |   16550 |    3625 |  18.0 |      31 |       2 |   6.1
    Snake:3 |   10484 |    3854 |  26.9 |      20 |       6 |  23.1
    Snake:4 |   16394 |   38439 |  70.1 |      29 |      62 |  68.1
      Orc:1 |    3227 |    2136 |  39.8 |      38 |      14 |  26.9
      Orc:2 |    3559 |   20235 |  85.0 |      37 |      85 |  69.7
      Elf:1 |   28657 |    8005 |  21.8 |      47 |      13 |  21.7
      Elf:2 |   16956 |   20784 |  55.1 |      34 |      27 |  44.3
      Elf:3 |    4744 |   17051 |  78.2 |       6 |      13 |  68.4
   Vaults:1 |   15602 |   23409 |  60.0 |      33 |      43 |  56.6
   Vaults:2 |   47062 |   32616 |  40.9 |      71 |      52 |  42.3
   Vaults:3 |   39445 |   19431 |  33.0 |      58 |      34 |  37.0
   Vaults:4 |   25887 |   24014 |  48.1 |      40 |      30 |  42.9
 Desolation |       0 |   52026 | 100.0 |       0 |      95 | 100.0
            +---------+---------+-------+---------+---------+-------
